 Dungeon Crawl Stone Soup version 0.18.1-6-gd335043 (webtiles) character file.

131 Liquid the Firebug (level 4, 0/33 HPs)
             Began as a Draconian Fire Elementalist on May 18, 2016.
             Was a Believer of Cheibriados.
             Slain by an orc
             ... wielding a +0 short sword
              (6 damage)
             ... on level 3 of the Dungeon.
             The game lasted 00:09:58 (2366 turns).

Liquid the Firebug (Draconian Fire Elementalist)    Turns: 2366, Time: 00:09:59

Health: 0/33       AC:  5    Str: 14    XL:     4   Next: 91%
Magic:  1/8        EV: 18    Int: 20    God:    Cheibriados [**....]
Gold:   303        SH:  0    Dex: 21    Spells: 3 memorised, 3 levels left

rFire  . . .     SeeInvis .       - Unarmed
rCold  . . .     Gourm    .     (armour unavailable)
rNeg   . . .     Faith    .     (no shield)
rPois  .         Spirit   .     (helmet restricted)
rElec  .         Dismiss  .     (no cloak)
rCorr  .         Reflect  .     (no gloves)
SustAt .         Harm     .     (no boots)
MR     .....                    (no amulet)
Stlth  +++.......               (no ring)
                                (no ring)

@: agile, lethally poisoned (0 -> -2), very slow, not resistant to hostile
enchantments, fairly stealthy
A: unfitting armour, cold-blooded, AC +5
a: Bend Time, Renounce Religion


You were on level 3 of the Dungeon.
You worshipped Cheibriados.
Cheibriados was pleased with you.
You were not hungry.

You visited 1 branch of the dungeon, and saw 3 of its levels.

You collected 303 gold pieces.

Inventory:

Jewellery
 o - an uncursed ring of fire {unknown}
Scrolls
 c - 3 scrolls of fog {unknown}
 d - 5 scrolls of identify {unknown}
 i - a scroll of remove curse {unknown}
 l - a scroll of noise {unknown}
Potions
 e - a potion of might {unknown}
 f - a potion of agility
 g - a potion of curing {unknown}
 h - a potion of haste {unknown}
 k - a potion of heal wounds {unknown}
 n - a potion of invisibility {unknown}
 r - 2 potions of ambrosia {unknown}
 s - a potion of cure mutation {unknown}
 t - 4 potions of flight {unknown}
Books
 a - a book of Flames

   Spells                             Type                      Level
   a - Flame Tongue                   Conjuration/Fire             1
   b - Throw Flame                    Conjuration/Fire             2
   c - Conjure Flame                  Conjuration/Fire             3
   d - Inner Flame                    Hexes/Fire                   3
   e - Sticky Flame                   Conjuration/Fire             4
   f - Fireball                       Conjuration/Fire             5
 u - a book of Fire

   Spells                             Type                      Level
   a - Ignite Poison                  Fire/Transmutation/Poison    3
   b - Fireball                       Conjuration/Fire             5
   c - Bolt of Fire                   Conjuration/Fire             6
   d - Delayed Fireball               Conjuration/Fire             7
   e - Ring of Flames                 Charms/Fire                  7
Comestibles
 b - 3 bread rations
 j - a beef jerky
 m - 2 fruits
 p - 3 meat rations
 q - 5 chunks of flesh


   Skills:
 + Level 2.4 Dodging
 - Level 1.7 Stealth
 + Level 1.7 Unarmed Combat
 * Level 3.0 Spellcasting
 + Level 2.5 Conjurations
 * Level 3.4 Fire Magic


You had 3 spell levels left.
You knew the following spells:

 Your Spells              Type           Power        Failure   Level  Hunger
a - Flame Tongue          Conj/Fire      ##...        4%          1    None
b - Throw Flame           Conj/Fire      ##....       10%         2    ##.....
c - Conjure Flame         Conj/Fire      ##......     14%         3    ###....


Dungeon Overview and Level Annotations

Branches:
Dungeon (3/15)

Altars:
Cheibriados
Nemelex Xobeh


Innate Abilities, Weirdness & Mutations

Your plain brown scales are hard (AC +5).
Your body does not fit into most forms of armour.
You are cold-blooded and may be slowed by cold attacks.


Message History

You kill the adder!
Cheibriados appreciates the change of pace.
Your Spellcasting skill increases to level 3!
You feel sick.
Drink which item? (? for menu, Esc to quit)
It was a potion of agility.
You feel agile all of a sudden. The orc completely misses you.
You hit the orc.
The orc is lightly wounded.
The orc hits you but does no damage.
You barely miss the orc.
The orc is lightly wounded.
You feel sick. The orc closely misses you.
An orc comes into view. It is wielding a flail.
The orc shouts! x2
You hit the orc.
The orc is almost dead.
The orc hits you with a short sword.
You die...

##..... #....... #....... ###
#....... ##.# ##.....## ###..##
#.......###### ##.....# #
##.......o....######..###.## #
.........o..ogo@..#..####..#####
..............###...............
.K........#######)#########.####
....#.##..........### #...#. .o.
#. ##.#####.......######.<.. ..
# #.# #.#####....##...## ..# #..
####.#..#.#. ... #.# ##.)......
##. .. ##..##...#.


You could see 4 orcs and a hobgoblin.

Vanquished Creatures
  Jessica (D:2)
  3 adders (D:3)
  An ooze (D:3)
  2 dart slugs (D:3)
  A giant gecko (D:3)
  2 orcs (D:3)
  2 ball pythons
  4 bats
  8 giant cockroaches
  6 goblins
  5 hobgoblins
  7 jackals (D:2)
  7 kobolds
  A quokka (D:2)
  10 giant newts
  3 rats
63 creatures vanquished.

Notes
Turn   | Place    | Note
--------------------------------------------------------------
     0 | D:1      | Liquid the Draconian Fire Elementalist began the quest for the Orb.
     0 | D:1      | Reached XP level 1. HP: 14/14 MP: 3/3
   153 | D:1      | Reached XP level 2. HP: 18/20 MP: 0/5
   237 | D:1      | Learned a level 2 spell: Throw Flame
   792 | D:2      | Noticed Jessica
   822 | D:2      | Killed Jessica
   822 | D:2      | Reached skill level 1 in Unarmed Combat
   822 | D:2      | Reached XP level 3. HP: 10/26 MP: 0/6
  1222 | D:2      | Found a sparkling altar of Nemelex Xobeh.
  1222 | D:2      | Found a snail-covered altar of Cheibriados.
  1399 | D:2      | Became a worshipper of Cheibriados the Contemplative
  1542 | D:2      | Learned a level 3 spell: Conjure Flame
  1663 | D:2      | Reached * piety under Cheibriados
  1663 | D:2      | Reached XP level 4. HP: 33/33 MP: 2/7
  2342 | D:3      | Reached ** piety under Cheibriados
  2366 | D:3      | Slain by an orc

Skill      XL: |  1  2  3  4 |
---------------+-------------+-----
Dodging        | 2 |  2.4
Unarmed Combat | 1 |  1.7
Conjurations   | 2 |  2.5
Spellcasting   | 3 |  3.0
Stealth        | |  1.7
Fire Magic     | |  3.4

Action                   |  1- 3 |  4- 6 || total
-------------------------+-------+-------++-------
Melee: Unarmed           |    72 |    60 ||   132
       Tailslap          |     5 |     3 ||     8
       Punch             |     1 |     1 ||     2
 Cast: Flame Tongue      |    54 |    24 ||    78
       Throw Flame       |     2 |    14 ||    16
  Use: Potion            |       |     1 ||     1
  Eat: Chunk             |     3 |     2 ||     5
Armor: Skin              |    36 |    12 ||    48
Dodge: Dodged            |    71 |    46 ||   117
